Map: Jagannatha LE

Players

Zest - Winner!

  • Race: Protoss Protoss
  • League: Master
  • Spawn Location: 7:00

INnoVation

  • Race: Terran Terran
  • League: Master
  • Spawn Location: 1:00

VOD

Have the link to the VOD?

Description

Time

  • Played on: Feb. 6, 2021, 9:45 a.m.
  • Length: 8:38
Show
View Real Time Build Order
Export as new Build Order

Zest Protoss - Winner!

Build Orders: 1 Gate Expand, Archon Immortal, Archon Drop, Dark Templar Rush 

Get SALT Encoding   

  12  0:00  Probe  
  13  0:12  Probe  
  14  0:17  Pylon  
  14  0:24  Probe (Chrono Boost)  
  15  0:36  Probe (Chrono Boost)  
  15  0:37  Gateway  
  16  0:44  Probe (Chrono Boost)  
  16  0:46  Assimilator  
  17  0:51  Probe  
  18  1:03  Probe  
  19  1:15  Probe  
  20  1:25  Cybernetics Core  
  20  1:32  Nexus  
  20  1:35  Probe  
  21  1:42  Pylon  
  21  1:47  Probe  
  21  1:51  Assimilator  
  22  1:58  Adept (Chrono Boost)  
  22  1:59  Probe (Chrono Boost)  
  25  2:02  Warp Gate  
  25  2:11  Probe (Chrono Boost)  
  26  2:18  Probe (Chrono Boost)  
  26  2:20  Adept  
  29  2:27  Twilight Council  
  29  2:31  Probe  
  31  2:45  Robotics Facility, Probe (Chrono Boost)  
  31  2:48  Probe (Chrono Boost)  
  32  2:55  Probe (Chrono Boost)  
  34  2:58  Probe (Chrono Boost)  
  34  3:00  Probe (Chrono Boost), Gateway  
  35  3:08  Probe  
  35  3:11  Probe  
  37  3:13  Dark Shrine  
  37  3:20  Probe  
  37  3:23  Probe  
  39  3:30  Warp Prism (Chrono Boost)  
  39  3:32  Gateway  
  41  3:35  Probe  
  41  3:37  Probe  
  43  3:43  Pylon  
  43  3:47  Probe  
  44  3:49  Probe  
  45  3:55  Assimilator  
  45  4:02  Nexus  
  45  4:06  Probe  
  45  4:07  Probe  
  47  4:14  Pylon  
  47  4:18  Probe  
  49  4:25  Dark Templar x2  
  49  4:28  Dark Templar  
  49  4:30  Pylon  
  54  4:34  Probe x2  
  56  4:49  Probe  
  56  4:52  Probe  
  58  4:53  Blink (Chrono Boost)  
  58  4:56  Pylon  
  58  5:01  Probe  
  58  5:03  Gateway x2  
  58  5:04  Probe  
  58  5:06  Archon, Forge  
  60  5:08  Dark Templar  
  60  5:11  Pylon  
  60  5:12  Archon  
  60  5:13  Probe  
  63  5:15  Assimilator  
  63  5:16  Probe  
  64  5:21  Sentry  
  64  5:22  Probe  
  64  5:24  Shield Battery  
  64  5:26  Probe  
  68  5:30  Protoss Ground Weapons Level 1 (Chrono Boost)  
  68  5:32  Probe  
  68  5:35  Probe  
  70  5:36  Immortal, Pylon  
  74  5:44  Probe x2  
  74  5:48  Probe  
  77  5:53  Gateway x2  
  77  5:56  Gateway  
  77  5:57  Gateway  
  77  5:59  Probe x2  
  77  6:02  Shield Battery, Sentry  
  77  6:03  Sentry  
  84  6:11  Probe  
  84  6:17  Gateway x2  
  84  6:18  Pylon  
  84  6:21  Assimilator  
  84  6:24  Immortal, Assimilator  
  88  6:40  Gateway  
  88  6:41  Pylon  
  88  6:43  Stalker x2  
  88  6:44  Charge (Chrono Boost), Stalker  
  88  6:46  Shield Battery  
  94  6:50  Stalker x2  
  98  6:55  Immortal (Chrono Boost)  
  98  7:00  Pylon  
  102  7:12  Pylon  
  102  7:17  Zealot  
  102  7:18  Zealot x6  
  116  7:28  Zealot x2  
  120  7:31  Immortal (Chrono Boost)  
  120  7:35  Pylon  
  120  7:36  Pylon  
  124  7:43  Shield Battery  
  124  7:51  Zealot  
  124  7:52  Zealot x6  
  136  8:07  Zealot x3  
  136  8:12  Zealot x4  
  148  8:19  Stalker x2  
Show
View Real Time Build Order
Export as new Build Order

INnoVation Terran 

Build Orders: Reaper Expand 

Get SALT Encoding   

  12  0:00  SCV  
  13  0:12  SCV  
  14  0:17  Supply Depot  
  14  0:24  SCV  
  15  0:38  SCV  
  15  0:40  Barracks  
  16  0:43  Refinery  
  16  0:50  SCV  
  17  1:02  SCV  
  18  1:14  SCV  
  19  1:26  Reaper, Orbital Command  
  20  1:42  Command Center  
  20  1:52  SCV  
  21  1:55  Supply Depot  
  21  1:58  Marine  
  22  2:04  SCV  
  23  2:10  Factory  
  23  2:17  SCV  
  23  2:20  Barracks Reactor  
  23  2:22  Bunker  
  24  2:27  Refinery  
  24  2:29  SCV  
  25  2:41  SCV  
  26  2:53  SCV  
  26  2:55  Orbital Command, Hellion  
  26  2:57  Starport  
  29  3:01  Marine  
  29  3:03  Marine  
  31  3:07  SCV  
  32  3:16  Factory Tech Lab  
  32  3:18  Marine  
  33  3:20  SCV  
  33  3:21  SCV, Marine  
  36  3:32  SCV  
  36  3:33  SCV  
  38  3:34  Barracks  
  38  3:36  Supply Depot  
  38  3:39  Raven  
  40  3:42  Factory Tech Lab  
  40  3:45  Marine x2, Refinery  
  42  3:49  SCV  
  42  3:50  SCV  
  44  4:01  SCV  
  44  4:02  SCV  
  46  4:03  Supply Depot  
  46  4:05  Siege Tank  
  49  4:13  SCV, Marine x2  
  49  4:14  SCV  
  51  4:19  Engineering Bay  
  51  4:26  Barracks  
  51  4:29  Viking  
  51  4:30  Stimpack  
  53  4:33  SCV x2  
  53  4:35  Marine  
  53  4:36  Marine  
  53  4:37  Marine  
  57  4:47  Siege Tank  
  57  4:51  SCV x2  
  59  4:59  Supply Depot  
  59  5:02  Starport Reactor  
  59  5:03  SCV x2  
  59  5:04  Marine  
  62  5:18  Supply Depot  
  62  5:21  SCV x2, Marine x2  
  66  5:27  Terran Infantry Weapons Level 1  
  66  5:28  Supply Depot  
  66  5:33  SCV x2  
  66  5:34  Marine  
  69  5:38  Marine  
  69  5:39  Marine  
  69  5:42  Supply Depot  
  71  5:45  SCV x2  
  73  5:51  Marine x2  
  73  5:53  Siege Tank, Starport Reactor  
  78  5:57  SCV x2, Supply Depot, Marine  
  78  5:58  Marine  
  78  5:59  Refinery  
  82  6:09  SCV x2  
  82  6:10  Marine x2, Combat Shield  
  82  6:11  Marine  
  85  6:15  Marine x2  
  87  6:20  Supply Depot  
  87  6:24  SCV x2  
  89  6:30  Medivac x2, Marine x3  
  95  6:33  Marine x2  
  95  6:34  Siege Tank  
  100  6:40  Supply Depot  
  100  6:44  Supply Depot  
  102  6:49  Marine x2, Marauder  
  102  6:51  Marine x2  
  106  6:55  Supply Depot  
  106  7:00  Medivac x2  
  109  7:07  Siege Tank  
  109  7:08  Marine x2  
  114  7:09  Marine x2  
  114  7:11  Marauder  
  118  7:16  Missile Turret  
  118  7:21  Supply Depot  
  118  7:27  Marine  
  118  7:28  Marine x3  
  120  7:31  Medivac x2  
  120  7:32  Marauder  
  129  7:44  Siege Tank  
  129  7:47  Marine  
  129  7:48  Marine x3  
  129  7:53  Marine  
  126  8:09  Marine x2  
  126  8:10  Marine x2  
  126  8:11  Marine  
Tags
 
Add a new tag
Caveats
  • Supply blocks, unpowered buildings, or Contaminate may cause inaccurate times.
  • Supply counts are checked every 10 seconds.